 Dungeon Crawl Stone Soup version 0.21-a0-437-ge5bf024 (webtiles) character file.

4 Beatriz the Caller (level 1, 0/13 HPs)
             Began as a Mummy Summoner on Nov 10, 2017.
             Slain by a jackal (2 damage)
             ... on level 1 of the Dungeon.
             The game lasted 00:01:22 (317 turns).

Beatriz the Caller (Mummy Summoner)                  Turns: 317, Time: 00:01:23

Health: 0/13       AC:  2    Str: 11    XL:     1   Next: 58%
Magic:  1/4        EV: 12    Int: 14    God:
Gold:   11         SH:  0    Dex: 12    Spells: 4/5 levels left

rFire    x . .     SeeInvis .   (no weapon)
rCold    + . .     Gourm    .   (no shield)
rNeg     + + +     Faith    .   a - +0 robe
rPois    ∞         Spirit   .   (no helmet)
rElec    .         Reflect  .   (no cloak)
rCorr    .         Harm     .   (no gloves)
MR       .....                  (no boots)
Stlth    ++........             (no amulet)
HPRegen  0.04/turn              (no ring)
MPRegen  0.09/turn              (no ring)

@: no status effects
A: no food or potions, fire vulnerability, cold resistance 1, negative energy
resistance 3, torment resistance, unbreathing
a: no special abilities


You were on level 1 of the Dungeon.
You were not hungry.

You visited 1 branch of the dungeon, and saw 1 of its levels.

You collected 11 gold pieces.

Inventory:

Armour
 a - a +0 robe (worn)
Books
 b - a book of Callings

   Spells                             Type                      Level
   a - Summon Small Mammal            Summoning                    1
   b - Call Imp                       Summoning                    2
   c - Call Canine Familiar           Summoning                    3
   d - Summon Guardian Golem          Hexes/Summoning              3
   e - Summon Lightning Spire         Summoning/Air                4
   f - Summon Ice Beast               Ice/Summoning                4


   Skills:
 + Level 1.7 Dodging
 + Level 1.6 Stealth
 + Level 2.6 Spellcasting
 + Level 3.4 Summonings


You had 4 spell levels left.
You knew the following spells:

 Your Spells              Type           Power        Failure   Level  Hunger
a - Summon Small Mammal   Summ           ##..         5%          1    N/A

Dungeon Overview and Level Annotations

Branches:
Dungeon (1/15)

Altars:


Innate Abilities, Weirdness & Mutations

You do not eat or drink.
Your flesh is vulnerable to fire.
You are immune to poison.
Your flesh is cold resistant. (rC+)
You are immune to negative energy. (rN+++)
You are immune to unholy pain and torment.
You can survive without breathing.


Message History

The jackal bites your rat but does no damage.
Your bat closely misses the jackal.
The jackal misses you.
Your rat barely misses the jackal.
Your bat closely misses the jackal.
The jackal barely misses your rat. The jackal bites you.
* * * LOW HITPOINT WARNING * * *
Your rat bites the jackal.
You swap places.
Your bat hits the jackal.
The jackal dies!
The jackal bites your rat.
Your bat hits the kobold but does no damage.
Your rat bites the jackal but does no damage.
The jackal closely misses your rat.
Your rat closely misses the jackal.
Your bat disappears in a puff of smoke!
The kobold hits your rat.
Your rat dies!
Your rat's corpse disappears in a puff of smoke!
Your rat closely misses the jackal.
The jackal bites you.
You die...

##.... ....#####.....
..#.#....(....
............. #.....
#....# ###
###...####....#####..
..# #.......#
#.§......
..######.#.#.#
#§....##
.............#
#@#K...#
.......##...##
#.h.#..#
.......##...#####r.#
....
##.....##...'......#
#...
#.....##...#####..#
.. #.....##...# ##.#
. #.....##...# #...
#.....###### ##..#
#.....# ..#


You could see a jackal and a friendly rat.

Vanquished Creatures (collateral kills)
  A bat (D:1)
  A hobgoblin (D:1)
  A jackal (D:1)
  A frilled lizard (D:1)
  2 rats (D:1)
6 creatures vanquished.

Notes
Turn   | Place    | Note
-------+----------+-------------------------------------------
     0 | D:1      | Beatriz the Mummy Summoner began the quest for the Orb.
     0 | D:1      | Reached XP level 1. HP: 13/13 MP: 4/4
   317 | D:1      | Slain by a jackal

Vault maps used:
D:1:      minmay_arrival_solitary_statue

Action                   || total
-------------------------++-------
Melee: Unarmed           ||     7
 Cast: Summon Small Mamm ||    15
Armor: Robe              ||     2
Dodge: Dodged            ||    17

Table legend:
 A = Spawn XP
 B = Non-spawn XP
 C = Spawn XP percentage of total XP
 D = Spawn monster count
 E = Non-spawn monster count
 F = Spawn count percentage of total count
 G = Total turns spent on level
                    A         B        C        D         E        F      G
               +---------+---------+-------+---------+---------+-------+---------
         Total |       0 |       7 |   0.0 |       0 |       6 |   0.0 |   317
               +---------+---------+-------+---------+---------+-------+---------
           D:1 |       0 |       7 |   0.0 |       0 |       6 |   0.0 |   317
               +---------+---------+-------+---------+---------+-------+---------
